 Dungeon Crawl Stone Soup version 0.31.0-11-ge490571c62 (webtiles) character file.

Game seed: 12055031277593905381

830 qw the Shooter (level 7, -6/35 HPs)
             Began as a Spriggan Hunter on Feb 4, 2024.
             Was an Initiate of Okawaru.
             Killed from afar by an electric eel (10 damage)
             ... with a bolt of electricity
             ... on level 6 of the Dungeon.
             The game lasted 00:00:20 (3707 turns).

qw the Shooter (Spriggan Hunter)                    Turns: 3707, Time: 00:00:20

Health: -6/35      AC:  4    Str:  7    XL:     7   Next: 65%
Magic:  8/8        EV: 23    Int: 10    God:    Okawaru [......]
Gold:   82         SH:  0    Dex: 21    Spells: 6/6 levels left

rFire   + + .        a - +0 shortbow
rCold   . . .        (shield currently unavailable)
rNeg    . . .        c - +0 robe
rPois   .            (helmet restricted)
rElec   .            d - +1 cloak
rCorr   .            (gloves unavailable)
SInv    +            (boots unavailable)
Will    +....        k - amulet of regeneration
Stlth   ++           g - ring of protection from fire
HPRegen 1.05/turn    b - ring of protection from fire
MPRegen 0.11/turn

%: no passive effects
@: about to teleport, very quick
A: very small, no large weapons, unfitting armour, see invisible, speed 3
a: Renounce Religion


You were on level 6 of the Dungeon.
You worshipped Okawaru.
Okawaru was noncommittal.
You visited 2 branches of the dungeon, and saw 7 of its levels.

You collected 220 gold pieces.
You spent 138 gold pieces at shops.


Innate Abilities, Weirdness & Mutations

You are very small and have problems with some larger weapons.
You are too small for most types of armour.
You have supernaturally acute eyesight. (SInv)
You cover ground extremely quickly. (Speed+++)


   Skills:
 - Level 2.0 Fighting
 + Level 7.9 Ranged Weapons
 - Level 7.2 Dodging
 - Level 1.5 Stealth


You had 6 spell levels left.
You didn't know any spells.
Your spell library was empty.

Inventory:

Hand Weapons
 a - a +0 shortbow (weapon)
Armour
 c - a +0 robe (worn)
 d - a +1 cloak (worn)
Jewellery
 b - a ring of protection from fire (right hand)
 g - a ring of protection from fire (left hand)
 k - an amulet of regeneration (around neck)
 Y - a ring of resist corrosion
Wands
 m - a wand of flame (3)
Scrolls
 e - a scroll of teleportation
 i - 3 scrolls of identify
 j - a scroll of fog {unknown}
Potions
 f - a potion of enlightenment
 h - a potion of cancellation

Dungeon Overview and Level Annotations

Branches:
Dungeon (6/15)             Temple (1/1) D:4

Altars:
Ashenzari
Fedhas
Gozag
Hepliaklqana
Kikubaaqudgha
Makhleb
Nemelex Xobeh
Okawaru
Qazlal
Sif Muna
Uskayaw
Vehumet
Xom
Yredelemnul
Zin
The Shining One

Shops:
D:3 [[[!!   D:4 *

Annotations:
D:4 2 transporters, qw's ghost, novice DEHu
D:6 exclusion: 2 electric eels


Message History

Okawaru accepts your kill.
You start resting.
HP restored.
Things that are here:
a +0 flail; a +0 leather armour; an orc corpse You now have enough gold to buy 2 potions of curing on D:3, or buy a glowing robe on D:3.
You can access your shopping list by pressing '$'.
You now have 82 gold pieces (gained 17).
Found a short sword.
A malevolent force fills the Dungeon...
You fall into a shaft and drop 1 floor!
The shaft crumbles and collapses.
Found a plate armour.
Waypoint 6 assigned to D:6.
j - a scroll labelled QUAGAZ GEOHEN An electric eel comes into view.
You shoot an arrow. The arrow hits the electric eel.
The electric eel is lightly wounded.
The electric eel shoots out a bolt of lightning at you!
The bolt of electricity hits you!
You shoot an arrow.
The arrow barely misses the electric eel.
An electric eel comes into view.
The electric eel shoots out a bolt of lightning at you!
The bolt of electricity hits you.
You shoot an arrow.
The arrow closely misses the electric eel.
You shoot an arrow.
The arrow closely misses the electric eel.
The electric eel shoots out a bolt of lightning at you!
The bolt of electricity misses you.
The electric eel shoots out a bolt of lightning at you!
The bolt of electricity hits you!
The electric eel shoots out a bolt of lightning at you!
The bolt of electricity hits you!
3707 ||| READING 2 scrolls of teleportation.
As you read the scroll of teleportation, it crumbles to dust.
You feel strangely unstable.
The electric eel shoots out a bolt of lightning at you!
The bolt of electricity hits you!
You die...

###########
#.......@.#
#.#######.#
#.##[##.....#
#.....#.#.#.#
###...#.....+
#.....7 .7. 7
#.77777~7 7~


777 S S ~~ ~~ You could see an electric eel.

Vanquished Creatures
  Sigmund (D:3)
  2 ogres (D:4)
  3 scorpions
  2 orc priests (D:5)
  Ijyb (D:3)
  5 orc wizards
  3 adders
  2 ribbon worms (D:2)
  A dart slug (D:1)
  10 orcs
  8 ball pythons
  9 endoplasms
  5 goblins
  3 hobgoblins
  2 jackals (D:3)
  2 kobolds
  5 quokkas
  7 bats
  3 frilled lizards
  5 rats
79 creatures vanquished.

Notes
Turn   | Place    | Note
-------+----------+-------------------------------------------
     0 | D:1      | qw the Spriggan Hunter began the quest for the Orb.
     0 | D:1      | Reached XP level 1. HP: 10/10 MP: 2/2
     0 | D:1      | 0 ||| qw: Version: 0.3-a-160-g6735b56
     0 | D:1      | 0 ||| qw: Game counter: 6066
     0 | D:1      | 0 ||| qw: Melee chars always use a shield: true
     0 | D:1      | 0 ||| qw: God list: Okawaru
     0 | D:1      | 0 ||| qw: Allow faded altars: false
     0 | D:1      | 0 ||| qw: Do Orc after clearing Dungeon:15 true
     0 | D:1      | 0 ||| qw: Do second Lair branch before Depths: true
     0 | D:1      | 0 ||| qw: Lair rune preference: random
     0 | D:1      | 0 ||| qw: Goals: Normal
     0 | D:1      | 0 ||| PLANNING D:1-11
    50 | D:1      | Reached skill level 3 in Dodging
   124 | D:1      | Reached XP level 2. HP: 14/14 MP: 3/3
   717 | D:1      | 717 ||| UPGRADING to ring of protection from fire.
   718 | D:1      | 718 ||| READING scroll labelled GEHYERGH KOWN.
   718 | D:1      | 718 ||| IDENTIFYING emerald potion
   719 | D:1      | 719 ||| READING 2 scrolls labelled GIM YSEN BUXTI.
   723 | D:1      | 723 ||| READING scroll labelled NORGHO DACIETZE.
   724 | D:1      | 724 ||| DRINKING 2 smoky ruby potions.
   725 | D:1      | 725 ||| DROPPING scroll of butterflies.
   726 | D:1      | 726 ||| DROPPING potion of magic.
   851 | D:2      | Reached XP level 3. HP: 8/18 MP: 4/4
  1474 | D:2      | 1474 ||| READING 2 scrolls of identify.
  1474 | D:2      | 1474 ||| IDENTIFYING metallic clear potion
  1475 | D:2      | 1475 ||| READING scroll of identify.
  1475 | D:2      | 1475 ||| IDENTIFYING amethyst potion
  1476 | D:2      | 1476 ||| READING 2 scrolls labelled DERCHI RIATH.
  1476 | D:2      | 1476 ||| ENCHANTING +0 shortbow.
  1477 | D:2      | 1477 ||| READING scroll labelled GIACOU XIUSM.
  1478 | D:2      | 1478 ||| READING scroll labelled LAOXKEF HASU.
  1516 | D:3      | Noticed Ijyb
  1531 | D:3      | HP: 3/18 [Ijyb/puff of flame (3)]
  1532 | D:3      | 1532 ||| READING 4 scrolls of teleportation.
  1533 | D:3      | Killed Ijyb
  1534 | D:3      | Reached XP level 4. HP: 5/22 MP: 5/5
  1610 | D:3      | Found Dutsuch's Antique Armour Emporium.
  1620 | D:3      | 1620 ||| BUYING cloak (112 gold).
  1620 | D:3      | Bought a cloak for 112 gold pieces
  1672 | D:3      | Found Zeferez's Distillery.
  1685 | D:3      | 1685 ||| SHOPLISTING 2 potions of curing (72 gold, have 0).
  1685 | D:3      | 1685 ||| SHOPLISTING potion of enlightenment (60 gold, have
                  | 0).
  1685 | D:3      | 1685 ||| SHOPLISTING potion of haste (120 gold, have 0).
  1685 | D:3      | 1685 ||| SHOPLISTING potion of heal wounds (60 gold, have
                  | 0).
  1685 | D:3      | 1685 ||| SHOPLISTING potion of mutation (96 gold, have 0).
  1687 | D:3      | Found Heinliagh's Distillery.
  1699 | D:3      | 1699 ||| SHOPLISTING 2 potions of heal wounds (120 gold,
                  | have 4).
  1699 | D:3      | 1699 ||| SHOPLISTING potion of enlightenment (60 gold, have
                  | 4).
  1699 | D:3      | 1699 ||| SHOPLISTING potion of might (48 gold, have 4).
  1699 | D:3      | 1699 ||| SHOPLISTING potion of resistance (120 gold, have
                  | 4).
  1805 | D:3      | Found Hickaixt's Antique Armour Boutique.
  1818 | D:3      | 1818 ||| SHOPLISTING glowing robe (81 gold, have 16).
  1968 | D:3      | Noticed Sigmund
  1969 | D:3      | 1969 ||| DRINKING potion of haste.
  1972 | D:3      | 1972 ||| FLEEEEING.
  1973 | D:3      | 1973 ||| FLEEEEING.
  1974 | D:3      | 1974 ||| FLEEEEING.
  1981 | D:3      | 1981 ||| STAIRDANCE
  2008 | D:2      | 2008 ||| UPGRADING to +0 cloak.
  2013 | D:2      | 2013 ||| READING scroll of enchant armour.
  2013 | D:2      | 2013 ||| ENCHANTING +0 cloak.
  2014 | D:2      | 2014 ||| UPGRADING to ring of resist corrosion.
  2015 | D:2      | 2015 ||| READING scroll of identify.
  2015 | D:2      | 2015 ||| IDENTIFYING clear potion
  2023 | D:3      | 2023 ||| STAIRDANCE
  2042 | D:3      | 2042 ||| STAIRDANCE
  2056 | D:3      | Killed Sigmund
  2057 | D:3      | Reached XP level 5. HP: 25/25 MP: 6/6
  2057 | D:3      | Reached XP level 6. HP: 30/30 MP: 7/7
  2117 | D:3      | Found Pilooklo's Armour Shop.
  2126 | D:3      | 2126 ||| SHOPLISTING +1 troll leather armour of Jiavat
                  | {rElec Regen+} (408 gold, have 27).
  2297 | D:3      | 2297 ||| UPGRADING to ring of protection from fire.
  2299 | D:3      | 2299 ||| READING scroll of identify.
  2299 | D:3      | 2299 ||| IDENTIFYING pink potion
  2300 | D:3      | 2300 ||| DROPPING potion of lignification.
  2328 | D:4      | 2328 ||| STAIRDANCE
  2332 | D:4      | 2332 ||| STAIRDANCE
  2338 | D:3      | HP: 7/30 [orc/+0 short sword (2)]
  2339 | D:3      | 2339 ||| READING 4 scrolls of teleportation.
  2340 | D:3      | 2340 ||| DRINKING potion of heal wounds.
  2353 | D:3      | 2353 ||| FLEEEEING.
  2354 | D:3      | 2354 ||| FLEEEEING.
  2355 | D:3      | 2355 ||| FLEEEEING.
  2356 | D:3      | 2356 ||| FLEEEEING.
  2357 | D:3      | 2357 ||| FLEEEEING.
  2358 | D:3      | 2358 ||| FLEEEEING.
  2359 | D:3      | 2359 ||| FLEEEEING.
  2360 | D:3      | 2360 ||| FLEEEEING.
  2361 | D:3      | 2361 ||| FLEEEEING.
  2362 | D:3      | 2362 ||| FLEEEEING.
  2363 | D:3      | 2363 ||| FLEEEEING.
  2391 | D:4      | 2391 ||| STAIRDANCE
  2412 | D:4      | 2412 ||| STAIRDANCE
  2431 | D:3      | HP: 6/30 [frozen (5)]
  2432 | D:3      | 2432 ||| READING 3 scrolls of teleportation.
  2561 | D:4      | 2561 ||| STAIRDANCE
  2563 | D:3      | 2563 ||| DRINKING red potion.
  2719 | D:4      | Reached skill level 6 in Ranged Weapons
  2774 | D:4      | Found a staircase to the Ecumenical Temple.
  2775 | D:4      | 2775 ||| PLANNING TEMPLE
  2819 | D:4      | Reached XP level 7. HP: 17/35 MP: 8/8
  2890 | Temple   | Entered the Ecumenical Temple
  2891 | Temple   | 2891 ||| PLANNING OKAWARU WORSHIP
  2898 | Temple   | Became a worshipper of Warmaster Okawaru
  2899 | Temple   | 2899 ||| PLANNING D:1-11
  3012 | D:4      | Found a transporter.
  3068 | D:4      | Noticed qw's ghost (novice DEHu)
  3096 | D:4      | Found a transporter.
  3394 | D:4      | Found Emall's General Store.
  3402 | D:4      | 3402 ||| BUYING scroll of identify (26 gold).
  3402 | D:4      | Bought a scroll of identify for 26 gold pieces
  3555 | D:4      | 3555 ||| UPGRADING to amulet of regeneration.
  3560 | D:4      | 3560 ||| READING 4 scrolls of identify.
  3560 | D:4      | 3560 ||| IDENTIFYING scroll labelled GOCALAKAGE
  3561 | D:4      | 3561 ||| DROPPING scroll of silence.
  3591 | D:5      | Entered Level 5 of the Dungeon
  3674 | D:5      | You fall into a shaft and drop 1 floor!
  3706 | D:6      | HP: 3/35 [electric eel/bolt of electricity (10)]
  3707 | D:6      | 3707 ||| READING 2 scrolls of teleportation.
  3707 | D:6      | Killed from afar by an electric eel

Levels and vault maps discovered:
D:1:      mrwooster_arrival_arrow, layout_basic, chequers_serial_rivers_micro_a
D:2:      layout_basic, minmay_tall_x
D:3:      layout_basic, serial_shops, nicolae_shop_just_a_little_nook,
          nicolae_lakefront_shop, shop, shop, shop, uniq_sigmund, uniq_ijyb
D:4:      layout_basic, minmay_temple_entry_statues_fountains,
          gammafunk_ghost_stat_death, serial_shops, shop_statue, st_stairs_2,
          kennysheep_generic_room_11
D:5:      layout_loops_ring, serial_shops, shop_coins, nicolae_shop_vocational
D:6:      layout_basic, serial_bayou_lake_a
Temple:   compressed_dpeg_triangle_lava_temple

Skill      XL: |  1  2  3  4  5  6  7 |
---------------+----------------------+-----
Dodging        | 3 4 7 |  7.2
Ranged Weapons | 5 6 7 |  7.9
Fighting       | 2 |  2.0
Stealth        | |  1.5

Action                     |  1- 3 |  4- 6 |  7- 9 || total
---------------------------+-------+-------+-------++-------
   Fire: Shortbow          |   119 |   126 |    85 ||   330
    Use: Scroll            |     9 |     5 |     2 ||    16
         Potion            |     1 |     3 |       ||     4
 Armour: Robe              |    17 |    50 |    18 ||    85
  Dodge: Dodged            |    36 |   140 |    55 ||   231

Table legend:
 A = Non-vault XP
 B = Vault XP
 C = Vault XP percentage of total XP
 D = Non-vault monster count
 E = Vault monster count
 F = Vault count percentage of total count
                 A         B        C        D         E       F
            +---------+---------+-------+---------+---------+-------
      Total |     823 |     364 |  30.7 |      71 |       8 |  10.1
            +---------+---------+-------+---------+---------+-------
        D:1 |      32 |       0 |   0.0 |      20 |       0 |   0.0
        D:2 |      23 |      17 |  42.5 |      11 |       4 |  26.7
        D:3 |     103 |     347 |  77.1 |      17 |       4 |  19.0
        D:4 |     563 |       0 |   0.0 |      18 |       0 |   0.0
        D:5 |     102 |       0 |   0.0 |       5 |       0 |   0.0
            +---------+---------+-------+---------+---------+-------
